 Dungeon Crawl Stone Soup version 0.20-a0-738-gb057e68 (webtiles) character file.

266 Alarkh the Slasher (level 6, 48/48 HPs)
             Began as a Demonspawn Monk on Feb 23, 2017.
             Was a Priest of Lugonu.
             Quit the game on level 3 of the Dungeon.
             The game lasted 00:02:49 (2544 turns).

Alarkh the Slasher (Demonspawn Monk)                Turns: 2544, Time: 00:02:49

Health: 48/48      AC:  7    Str: 11    XL:     6   Next: 0%
Magic:  6/6        EV: 12    Int: 13    God:    Lugonu [***...]
Gold:   134        SH:  0    Dex: 19    Spells: 5/5 levels left

rFire    . . .     SeeInvis .   a - +0 demon whip (venom)
rCold    . . .     Gourm    .   n - +0 scale mail (curse)
rNeg     . . .     Faith    .   (no shield)
rPois    .         Spirit   .   (helmet restricted)
rElec    .         Reflect  .   (no cloak)
rCorr    .         Harm     .   f - +0 pair of gloves
MR       .....                  (no boots)
Stlth    ++........             z - amulet of magic regeneration
Regen    0.2/turn               (no ring)
MPRegen  0.2/turn               g - +3 ring of dexterity

@: no status effects
A: antennae 2, nightstalker 1, sturdy frame 2
a: Depart the Abyss, Bend Space, Banish, Renounce Religion


You were on level 3 of the Dungeon.
You worshipped Lugonu.
Lugonu was most pleased with you.
You were not hungry.

You visited 1 branch of the dungeon, and saw 3 of its levels.

You collected 134 gold pieces.

Inventory:

Hand Weapons
 a - a +0 demon whip of venom (weapon)
 b - a +1 dagger of electrocution
 v - a +0 falchion
Armour
 f - a +0 pair of gloves (worn)
 h - a +0 leather armour
 n - a cursed +0 scale mail (worn)
 x - a +0 robe
Jewellery
 g - a +3 ring of dexterity (left hand)
 z - an amulet of magic regeneration (around neck)
Scrolls
 e - 2 scrolls of teleportation
 j - a scroll of recharging {unknown}
 q - a scroll of remove curse {unknown}
 s - a scroll of amnesia {unknown}
 u - a scroll of identify {unknown}
 y - a scroll of blinking {unknown}
Potions
 d - a potion of heal wounds
 i - a potion of brilliance {unknown}
 m - a potion of might {unknown}
 o - a potion of curing {unknown}
 p - a potion of agility {unknown}
 t - a potion of ambrosia {unknown}
 w - a potion of lignification {unknown}
Comestibles
 c - 2 bread rations
 k - 2 meat rations
 l - 3 fruits
 r - 8 chunks of flesh


   Skills:
 + Level 4.2 Fighting
 * Level 4.6 Long Blades
 + Level 3.9 Dodging
 - Level 1.7 Stealth


You had 5 spell levels left.
You didn't know any spells.

Dungeon Overview and Level Annotations

Branches:
Dungeon (3/15)

Altars:
Dithmenos
Gozag
Wu Jian
Xom
Lugonu


Innate Abilities, Weirdness & Mutations

You have a pair of antennae on your head.
You are slightly more attuned to the shadows.
Your movements are less encumbered by armour. (ER -4)


Message History

No target in view!
No target in view!
You see here a club.
Found 16 sling bullets.
A leopard gecko comes into view.
The leopard gecko hisses angrily.
The leopard gecko moves out of view.
The leopard gecko bites you but does no damage. x2
A leopard gecko is nearby!
You hit the leopard gecko.
The leopard gecko is poisoned.
The leopard gecko is moderately wounded.
You kill the leopard gecko!
Lugonu accepts your kill.
You have reached level 6!
Your experience leads to an increase in your attributes!
Your base attributes are Str 11, Int 12, Dex 16.
Increase (S)trength, (I)ntelligence, or (D)exterity?
You feel clever.
Your demonic ancestry asserts itself...
The antennae on your head grow some more.
Are you sure you want to abandon this character and quit the game? (Confirm with "yes".)

#.......)...............
#####.################...
#........# ##.....
#.(......# #......
.........###### #.......
..............# #......)
.....##..####..# #)......
...## ##..# ......# ..
##@# ...... #..........#
....... #........##.#
....... ...........
####..# ######...... #..#
#.####.. #..# #.# ##
#...#... ##. #.≈.#..#
>#.# #...#.##


There were no monsters in sight!

Vanquished Creatures
  A scorpion (D:2)
  A hound (D:2)
  A centaur skeleton (D:3)
  An orc priest (D:3)
  5 adders (D:2)
  2 worms (D:3)
  A dart slug (D:1)
  4 leopard geckos
  4 orcs (D:3)
  2 ball pythons
  4 bats
  9 goblins
  3 hobgoblins
  9 jackals (D:1)
  2 frilled lizards
  8 kobolds
  12 rats
69 creatures vanquished.

Notes
Turn   | Place    | Note
-------+----------+-------------------------------------------
     0 | D:1      | Alarkh the Demonspawn Monk began the quest for the Orb.
     0 | D:1      | Reached XP level 1. HP: 18/18 MP: 1/1
    67 | D:1      | Gained mutation: Your movements are slightly less encumbered by armour. (ER -2) [demonic ancestry]
    67 | D:1      | Reached XP level 2. HP: 17/24 MP: 2/2
   407 | D:1      | Gained mutation: Your movements are less encumbered by armour. (ER -4) [demonic ancestry]
   407 | D:1      | Reached XP level 3. HP: 21/29 MP: 3/3
  1639 | D:2      | Gained mutation: You are slightly more attuned to the shadows. [demonic ancestry]
  1639 | D:2      | Reached XP level 4. HP: 23/37 MP: 4/4
  1784 | D:2      | Found an ornate altar of the Wu Jian Council.
  1787 | D:2      | Found a shadowy altar of Dithmenos.
  1790 | D:2      | Found an opulent altar of Gozag.
  1808 | D:2      | Found a shimmering altar of Xom.
  2147 | D:2      | Gained mutation: You have a pair of small antennae on your head. [demonic ancestry]
  2147 | D:2      | Reached XP level 5. HP: 34/42 MP: 5/5
  2438 | D:3      | Found a faded altar of an unknown god.
  2450 | D:3      | Became a worshipper of Lugonu the Unformed
  2450 | D:3      | Reached * piety under Lugonu
  2450 | D:3      | Reached ** piety under Lugonu
  2450 | D:3      | Reached *** piety under Lugonu
  2543 | D:3      | Gained mutation: You have a pair of antennae on your head. [demonic ancestry]
  2543 | D:3      | Reached XP level 6. HP: 48/48 MP: 6/6
  2544 | D:3      | Quit the game

Vault maps used:
D:1:      minmay_arrival_four_circles, serial_forest,
          infiniplex_forest_clump_medium, infiniplex_forest_lined_room_3,
          infiniplex_forest_lined_room_, infiniplex_forest_lined_corner,
          infiniplex_forest_clump_diagonal, infiniplex_forest_lined_corner,
          infiniplex_forest_3_way, minmay_rat_gold_closets
D:2:      lemuel_doored_altar, grunt_temple_overflow_diamond, minivault_5
D:3:      nicolae_overflow_hidden_temple, nicolae_ru_path_of_blood,
          chequers_ecumenical_altar_simple

Skill      XL: |  1  2  3  4 |
---------------+-------------+-----
Dodging        | 3 |  3.9
Long Blades    | 3 4 |  4.6
Fighting       | 4 |  4.2
Stealth        | |  1.7

Action                   |  1- 3 |  4- 6 || total
-------------------------+-------+-------++-------
Melee: Falchion          |   130 |    14 ||   144
       Demon whip        |       |    37 ||    37
       Dagger            |       |     9 ||     9
  Use: Scroll            |     1 |       ||     1
       Potion            |     1 |       ||     1
 Stab: Sleeping          |     3 |       ||     3
  Eat: Chunk             |     3 |     2 ||     5
Armor: Robe              |    14 |       ||    14
       Leather armour    |    16 |       ||    16
       Scale mail        |    14 |    21 ||    35
Dodge: Dodged            |   123 |    41 ||   164
       Rpst.: Falchion   |    38 |     2 ||    40
